 Dungeon Crawl Stone Soup version 0.23.1 (webtiles) character file.

Game seed: 0

171178 LostNumber the Marksdemigod (level 16, -12/136 HPs)
             Began as a Demigod Fire Elementalist on Mar 12, 2019.
             Mangled by a merfolk impaler
             ... wielding a +3 vampiric trident
              (16 damage)
             ... on level 4 of the Shoals on Mar 14, 2019.
             The game lasted 02:07:18 (47415 turns).

LostNumber the Marksdemigod (DgFE)                 Turns: 47415, Time: 02:07:19

Health: -12/136    AC: 20    Str: 15    XL:     16   Next: 83%
Magic:  4/35       EV: 14    Int: 25    God:
Gold:   1573       SH:  9    Dex: 16    Spells: 15/35 levels left

rFire    + . .     SeeInvis .   Y - +5 demon trident (vamp) {!w}
rCold    + . .     Gourm    .   v - +2 buckler
rNeg     . . .     Faith    .   h - +2 ring mail {MR+}
rPois    +         Spirit   .   r - +2 helmet
rElec    .         Reflect  +   P - scarf {rC+ rF+}
rCorr    .         Harm     .   j - +2 pair of gloves {archery}
MR       ++...                  J - +0 pair of boots
Stlth    +.........             X - +2 amulet of reflection
HPRegen  0.32/turn              p - ring of poison resistance
MPRegen  0.24/turn              O - +5 ring of protection

@: no status effects
A: high mp 1
a: no special abilities


You were on level 4 of the Shoals.
You were very hungry.

You visited 5 branches of the dungeon, and saw 29 of its levels.
You visited 1 bazaar.
You also visited: Bailey.

You collected 3020 gold pieces.
You spent 1447 gold pieces at shops.

Inventory:

Hand Weapons
 M - the +8 longbow "Zephyr" {speed, Dex+3 SInv}
   (You took it off an orc on level 9 of the Dungeon)

   Attacks with this weapon are significantly faster.
   It affects your dexterity (+3).
   It lets you see invisible.
 Y - a +5 vampiric demon trident (weapon) {!w}
   (You took it off a merfolk impaler on level 4 of the Shoals)
Missiles
 L - 4 throwing nets (quivered) {!f}
 N - 469 arrows
Armour
 h - a +2 ring mail of magic resistance (worn)
   (You took it off an orc priest on level 2 of the Orcish Mines)
 j - a +2 pair of gloves of archery (worn)
   (You bought it in a shop on level 11 of the Dungeon)
 r - a +2 helmet (worn)
   (You found it on level 3 of the Dungeon)
 v - a +2 buckler (worn)
   (You found it on level 1 of the Dungeon)
 z - a +2 troll leather armour {Snorg}
   (You found it on level 10 of the Dungeon)
 B - a +1 cloak
   (You bought it in a shop on level 11 of the Dungeon)
 J - a +0 pair of boots (worn)
   (You found it on level 8 of the Dungeon)
 P - a scarf of resistance (worn)
   (You found it on level 6 of the Lair of Beasts)
Jewellery
 m - the ring "Modwyola" {rF+ rC+}
   (You took it off a merfolk javelineer on level 4 of the Shoals)

   [ring of protection from cold]

   It protects you from fire.
   It protects you from cold.
 p - a ring of poison resistance (left hand)
   (You found it on level 5 of the Dungeon)
 O - a +5 ring of protection (right hand)
   (You found it on level 2 of the Lair of Beasts)
 X - a +2 amulet of reflection (around neck)
   (You found it on level 3 of the Dungeon)
Wands
 t - a wand of flame (27)
   (You found it on level 3 of the Dungeon)
 u - a wand of paralysis (12)
   (You took it off Maurice on level 2 of the Orcish Mines)
 x - a wand of acid (18)
   (You found it in a bailey)
 y - a wand of polymorph (21)
   (You found it on level 4 of the Dungeon)
Scrolls
 a - 2 scrolls of fog
 c - 13 scrolls of remove curse {@r2}
 f - a scroll of brand weapon
 k - 7 scrolls of immolation {!r}
 n - 4 scrolls of blinking
 E - 6 scrolls of enchant armour
 F - 4 scrolls of amnesia
 G - 6 scrolls of teleportation {@r4}
 H - 3 scrolls of fear
 I - 4 scrolls of enchant weapon
 Z - 3 scrolls of magic mapping
Potions
 b - a potion of invisibility
 d - 2 potions of heal wounds {@q2}
 g - 11 potions of curing {@q1}
 q - 6 potions of flight
 s - 6 potions of lignification {!q}
 w - 2 potions of cancellation
 A - 3 potions of brilliance
 D - 2 potions of resistance
 K - a potion of haste {@q3}
 R - a potion of mutation {!q}
 S - 2 potions of ambrosia
 U - 2 potions of might
 V - 5 potions of berserk rage
 W - 3 potions of agility
Miscellaneous
 T - a lamp of fire
   (You found it on level 1 of the Snake Pit)
Comestibles
 e - 26 rations {!d}


   Skills:
 - Level 10.6 Fighting
 + Level 5.1 Polearms
 * Level 18.1 Bows
 - Level 5.0 Armour
 - Level 5.9 Dodging
 - Level 1.7 Stealth
 - Level 4.0 Shields
 - Level 10.4 Spellcasting
 - Level 10.0 Conjurations
 - Level 10.0 Fire Magic


You had 15 spell levels left.
You knew the following spells:

 Your Spells              Type           Power        Failure   Level  Hunger
a - Flame Tongue          Conj/Fire      #####        1%          1    None
b - Fireball              Conj/Fire      ######....   4%          5    ####...
c - Blink                 Tloc           N/A          13%         2    None
d - Conjure Flame         Conj/Fire      ######..     1%          3    None
e - Regeneration          Chrm/Necr      ##........   26%         3    None
q - Sticky Flame          Conj/Fire      ######..     1%          4    None
x - Throw Flame           Conj/Fire      ######       1%          2    None

Your spell library contained the following spells:

 Spells                   Type           Power        Failure   Level  Hunger
 Magic Dart               Conj           ####         1%          1    None
 Dazzling Spray           Conj/Hex       #####.       3%          3    None
 Inner Flame              Hex/Fire       #####...     3%          3    None
 Mephitic Cloud           Conj/Pois/Air  ####....     7%          3    None
 Animate Skeleton         Necr           N/A          9%          1    None
 Apportation              Tloc           ##....       9%          1    None
 Confusing Touch          Hex            ##....       9%          1    None
 Corona                   Hex            ##.....      9%          1    None
 Infusion                 Chrm           ##..         9%          1    None
 Summon Small Mammal      Summ           ##..         9%          1    None
 Call Imp                 Summ           ##......     13%         2    None
 Ensorcelled Hibernation  Hex/Ice        ##....       13%         2    None
 Poisonous Vapours        Pois/Air       ##....       13%         2    None
 Shroud of Golubria       Chrm/Tloc      ##........   13%         2    None
 Slow                     Hex            ##......     13%         2    None
 Song of Slaying          Chrm           ##......     13%         2    None
 Confuse                  Hex            ##......     26%         3    None
 Spectral Weapon          Hex/Chrm       ##......     26%         3    None
 Tukima's Dance           Hex            ##......     26%         3    None
 Freezing Cloud           Conj/Ice/Air   ####......   98%         6    #####..
 Ring of Flames           Chrm/Fire      #####.....   100%        7    #######


Dungeon Overview and Level Annotations

Branches:
Dungeon (14/15)            Temple (0/1) D:7            Lair (6/6) D:8
 Shoals (4/4) Lair:2        Snake (3/4) Lair:2        Slime (0/5) Lair:6
    Orc (2/2) D:12            Elf (0/3) Orc:2
 Vaults: D:13-14

Shops:
D:8 [   D:11 [[   D:13 (   Orc:2 %([(

Annotations:
D:5 3 runed translucent doors, Freyura's ghost, novice HOMo
D:9 2 transporters, stillor's ghost, novice DsWz
D:14 Louise
Shoals:1 exclusion: kraken
Snake:2 exclusion: 2 lava snakes
Snake:3 Mara


Innate Abilities, Weirdness & Mutations

You have an increased reservoir of magic. (+10% MP)


Message History

You block the snapping turtle's attack.
You catch the helpless snapping turtle completely off-guard!
You puncture the snapping turtle!
You feel better.
Your unstable footing causes you to fumble your attack.
The merfolk is engulfed in noxious fumes.
The merfolk appears confused.
The merfolk hits you but does no damage.
The merfolk impaler misses you.
The merfolk impaler hits you with a +3 vampiric trident!!
You hit the snapping turtle but do no damage.
The snapping turtle is no longer covered in acid.
The merfolk is engulfed in noxious fumes.
The snapping turtle bites the merfolk!
The snapping turtle bites itself but does no damage.
The merfolk misses you.
Your unstable footing causes you to fumble your attack.
The merfolk impaler hits you but does no damage.
The merfolk is engulfed in noxious fumes.
The merfolk appears confused.
You block the snapping turtle's attack.
The merfolk impaler hits you with a +3 vampiric trident!
* * * LOW HITPOINT WARNING * * *
Aim: a merfolk impaler, wielding a +3 vampiric trident and wearing a +2 robe of cold resistance (heavily wounded, confused)
The flame tongue hits the merfolk impaler!
The merfolk impaler is engulfed in a cloud of scalding steam.
You are too injured to fight recklessly!
You are too injured to fight recklessly!
You strike the helpless merfolk from behind!
You hit the merfolk.
The merfolk laughs crazily.
The merfolk closely misses you.
Your ring mail prevents you from hitting the merfolk impaler.
The merfolk impaler seems less confused.
The merfolk impaler hits you with a +3 vampiric trident!
* * * LOW HITPOINT WARNING * * *
The merfolk impaler draws strength from your wounds!
The merfolk hits you with a +0 trident!
* * * LOW HITPOINT WARNING * * *
The merfolk impaler is engulfed in a cloud of scalding steam.
The merfolk impaler hits you but does no damage.
Unknown command.
The merfolk impaler is engulfed in a cloud of scalding steam.
The merfolk impaler hits you with a +3 vampiric trident!!
* * * LOW HITPOINT WARNING * * *
The merfolk hits the merfolk impaler with a +0 trident!!
The merfolk impaler hits you from afar with a +3 vampiric trident!
* * * LOW HITPOINT WARNING * * *
The merfolk impaler draws strength from your wounds!
The merfolk hits the snapping turtle with a +0 trident.
The merfolk impaler hits you from afar with a +3 vampiric trident!
You die...

≈≈≈≈.#........(..≈≈≈≈≈...≈
≈≈≈≈..............≈≈≈≈≈≈≈≈
≈≈≈≈≈.............≈≈≈≈≈≈≈≈
≈≈≈≈≈≈≈≈≈...(.....≈≈≈≈≈≈≈≈
≈≈≈≈≈≈≈≈≈.........≈≈≈≈...≈
≈≈≈≈≈≈≈≈≈.........≈≈≈≈....
≈≈≈≈≈≈≈≈≈.(..###≈.##≈.....
≈≈≈≈≈≈≈≈.<...# #####≈.....
≈≈≈≈≈≈≈≈.@.### ##≈....
≈≈≈≈≈≈≈≈..# ##≈...
≈≈≈≈≈≈≈§m.# #≈≈≈≈≈
≈≈≈≈≈≈≈≈tm# #≈≈≈≈≈
≈≈≈≈≈≈≈≈≈.## ##≈≈≈≈
≈≈≈≈≈≈≈≈).≈# #≈≈≈≈
≈≈≈≈≈≈≈≈≈.### ≈≈≈≈≈
≈≈≈≈≈≈≈≈≈≈.≈# ###
≈≈≈≈≈≈≈≈≈≈≈≈##≈≈≈≈≈


You could see a merfolk impaler, a snapping turtle (confused) and a merfolk
(confused).

Vanquished Creatures
  Saint Roka (Orc:2)
  Nikola (Shoals:4)
  Jorgrun (D:13)
  Polyphemus (Shoals:3)
  A kraken (Shoals:1)
  Kirke (Lair:5)
  Gastronok (D:11)
  Ilsuiw (Shoals:4)
  7 merfolk javelineers
  6 merfolk impalers
  Josephine (Lair:4)
  Snorg (D:10)
  An ice dragon (Lair:6)
  4 vault guards
  4 hydras
  A catoblepas (Shoals:2)
  Erolcha (D:9)
  3 naga warriors (Snake:1)
  5 anacondas
  Erica (Orc:1)
  A merfolk avatar (Shoals:4)
  3 two-headed ogres
  A merfolk aquamancer (Shoals:4)
  A satyr (Shoals:2)
  A queen ant (D:8)
  2 death yaks (Shoals:3)
  4 naga sharpshooters
  2 orc high priests
  Nergalle (D:10)
  6 shock serpents
  2 skeletal warriors
  A fire crab (Lair:6)
  3 salamander mystics
  2 unseen horrors
  12 sea snakes
  2 lindwurms (Lair:6)
  3 harpies
  4 naga ritualists
  3 orc knights
  3 mana vipers
  3 ugly things
  9 fauns
  5 orc sorcerers
  18 salamanders
  2 cyclopes
  14 manticores
  8 merfolk sirens
  4 water nymphs
  4 guardian serpents
  7 naga magi
  Maurice (Orc:2)
  12 spiny frogs
  21 black mambas
  Joseph (D:9)
  A gargoyle (D:13)
  5 torpor snails (Lair:6)
  4 komodo dragons
  8 rime drakes
  2 freezing wraiths (D:13)
  A tengu conjurer (D:13)
  10 trolls
  2 wind drakes (Shoals:2)
  25 merfolk
  6 hornets (Lair:6)
  4 slime creatures
  13 snapping turtles
  14 dream sheep
  14 blink frogs
  3 tyrant leeches (Lair:6)
  15 hippogriffs
  Sigmund (D:2)
  A meliai zombie (D:14)
  3 water elementals
  8 wraiths
  A vampire (D:12)
  6 hogs (Lair:5)
  38 yaks
  8 wyverns
  3 vampire mosquitoes (D:13)
  A hungry ghost (D:11)
  A basilisk (Lair:1)
  2 humans
  21 nagas
  11 wargs
  2 hell hounds (Lair:6)
  21 soldier ants
  22 water moccasins
  5 ice beasts
  3 porcupines (Lair:3)
  47 orc warriors
  7 sky beasts
  2 black bears
  2 phantoms
  9 ogres
  4 wolves (Lair:5)
  7 centaurs
  7 crocodiles
  10 big kobolds
  18 bullfrogs
  A wyvern zombie (D:13)
  A scorpion (D:12)
  A water moccasin skeleton (D:9)
  A wyvern skeleton (D:7)
  20 killer bees
  3 howler monkeys
  2 electric eels (Lair:2)
  7 crimson imps
  3 bullfrog zombies
  3 quasits
  5 jellies
  39 orc wizards
  2 bullfrog skeletons (D:7)
  4 centaur skeletons
  40 orc priests
  7 hounds
  2 iguanas
  Terence (D:2)
  Jessica (D:2)
  Ijyb (D:3)
  5 hell rats
  26 worker ants
  A hound zombie (D:7)
  4 gnolls
  11 adders
  A howler monkey skeleton (D:4)
  5 shadow imps
  An adder zombie (D:5)
  An adder skeleton (D:5)
  4 worms
  2 dart slugs (D:2)
  6 leopard geckos
  129 orcs
  6 bats
  3 giant cockroaches
  17 goblins
  9 hobgoblins
  11 jackals
  46 kobolds
  5 ball pythons
  7 frilled lizards
  A leopard gecko zombie (D:5)
  3 rats
  A fungus (Lair:5)
  3 plants
  2 tentacles (Shoals:1)
1061 creatures vanquished.

Vanquished Creatures (others)
  A naga warrior (Snake:2)
  Sonja (D:10)
  A salamander mystic (Snake:1)
  A cyclops (Shoals:4)
  An orc warrior (Orc:2)
  7 kobolds
  11 fungi
  33 plants
  6 tentacles (Shoals:1)
62 creatures vanquished.

Grand Total: 1123 creatures vanquished

Notes
Turn   | Place    | Note
-------+----------+-------------------------------------------
     0 | D:1      | LostNumber the Demigod Fire Elementalist began the quest
                  | for the Orb.
     0 | D:1      | Reached XP level 1. HP: 14/14 MP: 5/5
   128 | D:1      | Reached skill level 1 in Conjurations
   211 | D:1      | Found a shattered altar of Ashenzari.
   397 | D:1      | Reached XP level 2. HP: 18/20 MP: 0/7
   502 | D:1      | Learned a level 2 spell: Throw Flame
   914 | D:2      | Noticed Terence
   918 | D:2      | Reached skill level 1 in Shields
  1389 | D:2      | Noticed Jessica
  1394 | D:2      | Reached XP level 3. HP: 26/26 MP: 2/8
  1406 | D:2      | Killed Jessica
  1779 | D:1      | Learned a level 3 spell: Conjure Flame
  1805 | D:2      | Noticed Sigmund
  1849 | D:3      | Found a white marble altar of Elyvilon.
  2148 | D:3      | Found a snail-covered altar of Cheibriados.
  2150 | D:3      | Found a stormy altar of Qazlal.
  2226 | D:3      | Reached XP level 4. HP: 33/33 MP: 3/9
  2242 | D:3      | Found a bloodstained altar of Trog.
  2359 | D:3      | Noticed Ijyb
  2372 | D:3      | Killed Ijyb
  2823 | D:4      | Reached XP level 5. HP: 27/38 MP: 3/11
  2997 | D:4      | Found a stormy altar of Qazlal.
  3088 | D:4      | Noticed an ogre
  3232 | D:4      | Found an ornate altar of the Wu Jian Council.
  3373 | D:4      | Killed an ogre
  3373 | D:4      | Reached XP level 6. HP: 45/45 MP: 9/12
  3688 | D:5      | Entered Level 5 of the Dungeon
  3694 | D:5      | Learned a level 4 spell: Sticky Flame
  3940 | D:5      | Found an ornate altar of the Wu Jian Council.
  3970 | D:5      | Found a runed translucent gate.
  3971 | D:5      | Found a runed translucent gate.
  3977 | D:5      | Found a runed translucent gate.
  3977 | D:5      | Noticed Freyura's ghost (novice HOMo)
  4328 | D:5      | Reached XP level 7. HP: 50/50 MP: 9/14
  4980 | D:6      | Reached skill level 5 in Fire Magic
  5029 | D:6      | Found a blossoming altar of Fedhas.
  5150 | D:6      | Found a deep blue altar of Sif Muna.
  5291 | D:7      | Reached skill level 1 in Fighting
  5451 | D:7      | Reached XP level 8. HP: 59/59 MP: 12/16
  5486 | D:7      | Reached skill level 5 in Conjurations
  5842 | D:7      | Found a staircase to the Ecumenical Temple.
  6198 | D:8      | Found Sefi Losh's Antique Armour Shoppe.
  6328 | D:7      | Learned a level 5 spell: Fireball
  6342 | D:8      | Found a hide-covered altar of Uskayaw.
  6721 | D:8      | Reached XP level 9. HP: 68/68 MP: 7/18
  7340 | D:8      | Noticed a two-headed ogre
  7671 | D:8      | Killed a two-headed ogre
  7772 | D:8      | Reached skill level 5 in Spellcasting
  7782 | D:8      | Reached XP level 10. HP: 64/78 MP: 6/21
  8043 | D:8      | Noticed a queen ant
  8066 | D:8      | Killed a queen ant
  8385 | D:8      | Reached skill level 5 in Dodging
  8659 | D:8      | Found a staircase to the Lair.
  8669 | D:8      | Found a radiant altar of Vehumet.
  8895 | D:8      | Noticed a two-headed hydra
  8916 | D:8      | Killed a two-headed hydra
  8916 | D:8      | Reached skill level 5 in Fighting
  9504 | D:8      | Found a sparkling altar of Nemelex Xobeh.
  9846 | D:9      | Reached XP level 11. HP: 88/88 MP: 14/23
 10210 | D:9      | Found a basalt altar of Yredelemnul.
 10210 | D:9      | Noticed Erolcha
 10256 | Lair:1   | Entered Level 1 of the Lair of Beasts
 11297 | Lair:2   | Found a staircase to the Snake Pit.
 11554 | Lair:2   | Got a jewelled spear
 11575 | Lair:2   | Found a staircase to the Shoals.
 11627 | Lair:2   | Reached skill level 1 in Bows
 12227 | Lair:3   | Reached skill level 2 in Bows
 12227 | Lair:3   | Reached skill level 10 in Fire Magic
 12242 | Lair:3   | Noticed a four-headed hydra
 12282 | Lair:3   | Killed a four-headed hydra
 12661 | Lair:3   | Reached skill level 3 in Bows
 12675 | Lair:3   | Found a radiant altar of Vehumet.
 13304 | Lair:3   | Reached skill level 10 in Conjurations
 13452 | Lair:3   | Reached skill level 4 in Bows
 13545 | Lair:4   | Reached XP level 12. HP: 97/97 MP: 17/26
 14337 | Lair:3   | Reached skill level 5 in Bows
 15378 | Lair:4   | Noticed Josephine
 15381 | Lair:4   | Killed Josephine
 15381 | Lair:4   | Reached skill level 6 in Bows
 16197 | Lair:5   | Reached skill level 7 in Bows
 16604 | Lair:5   | Noticed Kirke
 16817 | Lair:5   | Killed Kirke
 17303 | D:8      | Bought a glowing ring mail for 154 gold pieces
 17657 | D:2      | Killed Terence
 18027 | D:2      | Killed Sigmund
 18237 | D:9      | Found a transporter.
 18238 | D:9      | Found a transporter.
 18238 | D:9      | Noticed stillor's ghost (novice DsWz)
 18640 | D:9      | Noticed Joseph
 18649 | D:9      | Killed Joseph
 18649 | D:9      | Reached skill level 8 in Bows
 18734 | D:9      | Killed Erolcha
 18912 | D:10     | Entered Level 10 of the Dungeon
 18972 | D:10     | Noticed Nergalle
 18994 | D:10     | Killed Nergalle
 19017 | D:10     | Found a flagged portal.
 19022 | Bailey   | Entered a bailey
 19417 | Bailey   | Reached XP level 13. HP: 107/107 MP: 12/29
 19858 | D:10     | Noticed Sonja
 20019 | D:10     | Noticed Snorg
 20045 | D:10     | Killed Sonja
 20054 | D:10     | Killed Snorg
 20447 | D:10     | Reached skill level 9 in Bows
 20692 | D:11     | Noticed Gastronok
 20703 | D:11     | Killed Gastronok
 20777 | D:11     | Found Cogh's Armour Shop.
 21484 | D:11     | Found Weloen's Armour Emporium.
 21492 | D:11     | Bought a +2 pair of gloves of archery for 236 gold pieces
 21525 | D:11     | Bought a +1 cloak for 126 gold pieces
 21681 | D:11     | Reached skill level 10 in Bows
 22504 | D:12     | Found a staircase to the Orcish Mines.
 23024 | Orc:1    | Entered Level 1 of the Orcish Mines
 23025 | Orc:1    | Paralysed by an orc sorcerer for 6 turns
 23162 | Orc:2    | Entered Level 2 of the Orcish Mines
 23162 | Orc:2    | Found a staircase to the Elven Halls.
 23740 | Orc:2    | Noticed Maurice
 23744 | Orc:2    | Killed Maurice
 23861 | Orc:2    | Found a roughly hewn altar of Beogh.
 23904 | Orc:2    | Noticed Saint Roka
 23929 | Orc:2    | Reached skill level 11 in Bows
 24118 | Orc:1    | Identified the +5 spear "Ruix" {protect, rPois} (You found
                  | it on level 2 of the Lair of Beasts)
 24160 | Orc:2    | Killed Saint Roka
 24160 | Orc:2    | Reached skill level 10 in Fighting
 24643 | Orc:2    | Found Pousepsete's Antique Weapon Boutique.
 24645 | Orc:2    | Found Nyisaree's Antique Armour Shop.
 24647 | Orc:2    | Found a roughly hewn altar of Beogh.
 24671 | Orc:2    | Bought a fine scale mail for 216 gold pieces
 24976 | Orc:2    | Found a roughly hewn altar of Beogh.
 25052 | Orc:2    | Reached XP level 14. HP: 97/121 MP: 19/30
 25167 | Orc:2    | Learned a level 2 spell: Blink
 25171 | Orc:2    | Learned a level 3 spell: Regeneration
 25207 | Orc:2    | Found a roughly hewn altar of Beogh.
 25330 | Orc:2    | Found a roughly hewn altar of Beogh.
 25331 | Orc:2    | Found Lerog's Weapon Emporium.
 25451 | Orc:2    | Bought 13 arrows for 33 gold pieces
 25526 | Orc:2    | Reached skill level 12 in Bows
 25584 | Orc:2    | Found a roughly hewn altar of Beogh.
 25729 | Orc:2    | Found a roughly hewn altar of Beogh.
 25751 | Orc:2    | Found Keammuigusk's Food Shoppe.
 25822 | Orc:2    | Found a roughly hewn altar of Beogh.
 25925 | Orc:1    | Noticed Erica
 25930 | Orc:1    | Killed Erica
 26708 | D:13     | Found a flickering gateway to a bazaar.
 26729 | Bazaar   | Entered a bazaar
 26729 | Bazaar   | Found Juahob's General Store.
 26729 | Bazaar   | Found Duesm's Antique Weapon Shop.
 26729 | Bazaar   | Found Jyvom's Assorted Antiques.
 26765 | Bazaar   | Found Letwaeb's Gadget Shop.
 26786 | Bazaar   | Bought a scroll labeled WILUATS MEDD for 26 gold pieces
 26786 | Bazaar   | Bought a potion of haste for 260 gold pieces
 26821 | Bazaar   | Bought a wand of clouds (7) for 396 gold pieces
 26984 | D:13     | Reached skill level 1 in Armour
 27054 | D:13     | Found Faejisis's Antique Weapon Emporium.
 27653 | D:13     | Noticed Jorgrun
 27662 | D:13     | Killed Jorgrun
 27668 | D:13     | Reached skill level 13 in Bows
 28021 | D:14     | Noticed Louise
 28455 | Lair:6   | Entered Level 6 of the Lair of Beasts
 28504 | Lair:6   | Identified the +7 scale mail "Fafueroq" {+Inv Str+9 Int-5
                  | Stlth+} (You bought it in a shop on level 2 of the Orcish
                  | Mines)
 28731 | Lair:6   | Found a staircase to the Slime Pits.
 28731 | Lair:6   | Found a viscous altar of Jiyva.
 29516 | Lair:6   | Reached skill level 14 in Bows
 29679 | Lair:6   | Found a runed translucent door.
 29823 | Lair:6   | Reached skill level 5 in Armour
 30596 | Shoals:1 | Entered Level 1 of the Shoals
 30629 | Shoals:1 | Reached XP level 15. HP: 128/128 MP: 24/31
 31058 | Shoals:1 | Noticed a kraken
 31083 | Shoals:1 | Killed a kraken
 31533 | Shoals:1 | Noticed a kraken
 32027 | Shoals:2 | Reached skill level 15 in Bows
 35224 | Shoals:3 | Noticed Polyphemus
 35238 | Shoals:3 | HP: 2/128 [Polyphemus/large rock (38)]
 35599 | Shoals:3 | Killed Polyphemus
 35599 | Shoals:3 | Reached skill level 16 in Bows
 36221 | Shoals:4 | Entered Level 4 of the Shoals
 36380 | Shoals:4 | Noticed Ilsuiw
 36981 | Snake:1  | Entered Level 1 of the Snake Pit
 38660 | Snake:1  | Reached skill level 10 in Spellcasting
 38873 | Snake:1  | Reached XP level 16. HP: 136/136 MP: 24/35
 40748 | Snake:1  | Reached skill level 17 in Bows
 41278 | Snake:2  | Reached skill level 1 in Polearms
 44738 | Snake:3  | Noticed Mara
 44744 | Snake:3  | Noticed LostNumber's illusion
 45478 | Shoals:4 | Killed Ilsuiw
 47140 | Shoals:4 | Got an ancient shortbow
 47153 | Shoals:4 | Identified the ring "Modwyola" {rF+ rC+}
 47170 | Shoals:4 | Reached skill level 18 in Bows
 47376 | Shoals:4 | Noticed Nikola
 47397 | Shoals:4 | Killed Nikola
 47397 | Shoals:4 | Reached skill level 5 in Polearms
 47415 | Shoals:4 | HP: 4/136 [merfolk impaler/+3 vampiric trident (10)]
 47415 | Shoals:4 | Mangled by a merfolk impaler

Skill      XL: |  1  2  3  4  5  6  7  8  9 10 11 12 13 14 15 16 |
---------------+-------------------------------------------------+-----
Conjurations   | 1 2 3 4 5 7 8 10 | 10.0
Fire Magic     | 3 4 5 6 7 9 10 | 10.0
Shields        | 1 2 3 4 |  4.0
Spellcasting   | 2 3 4 5 6 8 10 | 10.4
Dodging        | 2 3 4 5 |  5.9
Fighting       | 1 2 4 5 6 8 10 | 10.6
Bows           | 4 8 11 14 16 18 | 18.1
Armour         | 5 |  5.0
Polearms       | 5 |  5.1
Stealth        | |  1.7

Action                   |  1- 3 |  4- 6 |  7- 9 | 10-12 | 13-15 | 16-18 || total
-------------------------+-------+-------+-------+-------+-------+-------++-------
Melee: Unarmed           |    13 |       |       |       |       |       ||    13
       Mace              |     9 |    68 |    21 |       |       |       ||    98
       Trident           |       |       |   108 |   370 |  1069 |   334 ||  1881
       Demon trident     |       |       |       |       |       |    57 ||    57
 Fire: Longbow           |       |       |       |       |    59 |    17 ||    76
 Cast: Flame Tongue      |    69 |    74 |   112 |   247 |    64 |    44 ||   610
       Throw Flame       |     3 |     7 |     9 |    33 |   129 |    30 ||   211
       Conjure Flame     |       |     1 |     1 |     2 |     5 |     2 ||    11
       Sticky Flame      |       |     2 |    35 |   149 |   242 |    44 ||   472
       Fireball          |       |       |       |    42 |   206 |    71 ||   319
       Blink             |       |       |       |       |     3 |       ||     3
       Regeneration      |       |       |       |       |       |     2 ||     2
Evoke: Wand              |       |       |       |       |    13 |     8 ||    21
       Lamp of fire      |       |       |       |       |       |     1 ||     1
  Use: Scroll            |     2 |    10 |     3 |    14 |    17 |     3 ||    49
       Potion            |       |     2 |       |     1 |     3 |     3 ||     9
 Stab: Sleeping          |       |       |     2 |     4 |     4 |       ||    10
       Distracted        |       |       |       |     2 |     2 |       ||     4
       Confused          |       |       |       |       |       |     3 ||     3
  Eat: Chunk             |     5 |     7 |     8 |    45 |    79 |    20 ||   164
       Ration            |       |       |     3 |     4 |    11 |     6 ||    24
Armor: Robe              |     8 |    21 |    37 |    64 |       |       ||   130
       Ring mail         |       |       |       |    42 |    61 |   207 ||   310
       Troll leather arm |       |       |       |       |   565 |       ||   565
       Skin              |       |       |       |       |       |    23 ||    23
Dodge: Dodged            |    39 |    46 |    87 |   361 |  1106 |   226 ||  1865
Block: Buckler           |    18 |    39 |    98 |   298 |   262 |   239 ||   954
       Reflection        |       |     1 |     1 |    18 |    31 |    21 ||    72
       Other             |       |       |       |       |    75 |     1 ||    76
